 Dungeon Crawl Stone Soup version 0.19.4-12-gccf7e64 (webtiles) character file.

524 Magnus the Shooter (level 7, 0/43 HPs)
             Began as a High Elf Arcane Marksman on Feb 27, 2017.
             Was an Initiate of Okawaru.
             Succumbed to a scorpion's poison
             ... on level 5 of the Dungeon.
             The game lasted 00:25:37 (5869 turns).

Magnus the Shooter (High Elf Arcane Marksman)       Turns: 5869, Time: 00:25:41

Health: 0/43       AC:  3    Str: 10    XL:     7   Next: 2%
Magic:  1/14       EV: 13    Int: 17    God:    Okawaru [......]
Gold:   264        SH:  0    Dex: 17    Spells: 3 memorised, 7 levels left

rFire  . . .     SeeInvis .     a - +0 shortbow
rCold  . . .     Gourm    +     e - +1 robe
rNeg   . . .     Faith    .     (shield currently unavailable)
rPois  .         Spirit   .     (no helmet)
rElec  .         Reflect  .     (no cloak)
rCorr  .         Harm     .     (no gloves)
MR     .....                    (no boots)
Stlth  ++........               F - amulet of the gourmand
                                (no ring)
                                (no ring)

@: lethally poisoned (0 -> -10), very slightly contaminated
A: no striking features
a: Renounce Religion


You were on level 5 of the Dungeon.
You worshipped Okawaru.
Okawaru was noncommittal.
You were very hungry.

You visited 1 branch of the dungeon, and saw 5 of its levels.

You collected 264 gold pieces.

Inventory:

Hand Weapons
 a - a +0 shortbow (weapon)
 g - a +0 short sword
 n - a +1 hand axe of freezing
Missiles
 d - 53 arrows (quivered)
Armour
 e - a +1 robe (worn)
Jewellery
 F - an amulet of the gourmand (around neck)
Wands
 v - a wand of random effects (15/48)
Scrolls
 h - 2 scrolls of teleportation
 j - 3 scrolls of remove curse
 o - a scroll of enchant armour
 r - a scroll of recharging
Potions
 b - a potion of heal wounds {unknown}
 i - a potion of brilliance
 k - a potion of resistance
 q - 2 potions of agility
 s - 4 potions of mutation
 u - a potion of degeneration {unknown}
 z - a potion of invisibility {unknown}
 A - a potion of lignification
 B - a potion of might
 C - a potion of flight
 D - a potion of magic {unknown}
Books
 c - a book of Debilitation

   Spells                             Type                      Level
   a - Corona                         Hexes                        1
   b - Slow                           Hexes                        2
   c - Gell's Gravitas                Hexes/Translocation          3
   d - Inner Flame                    Hexes/Fire                   3
   e - Cause Fear                     Hexes                        4
   f - Leda's Liquefaction            Hexes/Earth                  4
Comestibles
 f - 5 bread rations
 w - a meat ration


   Skills:
 - Level 1.0 Fighting
 + Level 6.3 Bows
 - Level 2.1 Dodging
 + Level 4.4 Spellcasting
 + Level 5.3 Hexes


You had 7 spell levels left.
You knew the following spells:

 Your Spells              Type           Power        Failure   Level  Hunger
a - Corona                Hex            ###....      1%          1    None
b - Slow                  Hex            ###.....     2%          2    ##.....
c - Cause Fear            Hex            ###.......   21%         4    ####...


Dungeon Overview and Level Annotations

Branches:
Dungeon (5/15)
 Temple: D:4-7

Altars:
Gozag
Kikubaaqudgha
Okawaru
Sif Muna
Uskayaw

Shops:
D:4 !


Message History

Unknown command.
Okay, then.
Casting: Corona
Confirm with . or Enter, or press ? or * to list all spells.
Okay, then.
Okay, then.
Okay, then.
Okay, then.
Casting: Corona
Confirm with . or Enter, or press ? or * to list all spells.
The scorpion resists with some effort.
* * * LOW HITPOINT WARNING * * *
You feel sick. The scorpion barely misses you.
Casting: Cause Fear
Confirm with . or Enter, or press ? or * to list all spells.
You miscast Cause Fear.
You are very lightly contaminated with residual magic.
You feel off-balance for a moment.
You are feeling very hungry.
You die...

.###...#
.......######
#........#
#..#####.# #..#
###.######
####..###......((#
..........#.####(#
###...#####.# #s#
#.....# #.# #@#
##...... ..# #.#
##.######## #.#
#.# #.# #<# #.#
##'## #<# ##...##
#.# ##.....##
###.# #.......##
##.#.#


You could see a scorpion.

Vanquished Creatures
  2 scorpions (D:4)
  A crimson imp (D:5)
  A hound (D:4)
  An orc priest (D:4)
  Natasha (thrice) (D:2)
  2 orc wizards (D:4)
  7 adders
  4 worms
  4 dart slugs
  7 leopard geckos
  21 orcs
  A ball python (D:2)
  7 bats
  9 giant cockroaches
  8 goblins
  6 hobgoblins
  6 jackals
  A quokka (D:2)
  8 frilled lizards
  2 kobolds (D:2)
  8 rats
  A rat zombie (D:4)
110 creatures vanquished.

Notes
Turn   | Place    | Note
-------+----------+-------------------------------------------
     0 | D:1      | Magnus the High Elf Arcane Marksman began the quest for the Orb.
     0 | D:1      | Reached XP level 1. HP: 13/13 MP: 3/3
   309 | D:1      | Reached skill level 3 in Bows
   392 | D:1      | Reached XP level 2. HP: 14/18 MP: 5/5
  1261 | D:1      | Learned a level 2 spell: Slow
  1650 | D:2      | Reached XP level 3. HP: 23/23 MP: 5/7
  2076 | D:2      | Noticed Natasha
  2089 | D:2      | Killed Natasha
  2089 | D:2      | Reached skill level 4 in Bows
  2089 | D:2      | Reached XP level 4. HP: 28/28 MP: 4/8
  2520 | D:2      | Noticed Natasha
  2693 | D:2      | Killed Natasha
  2774 | D:2      | Noticed Natasha
  2782 | D:2      | Killed Natasha
  2782 | D:2      | Reached XP level 5. HP: 13/33 MP: 3/10
  3597 | D:3      | Reached skill level 5 in Bows
  3942 | D:3      | Found an opulent altar of Gozag.
  4491 | D:4      | Learned a level 4 spell: Cause Fear
  4654 | D:4      | Reached XP level 6. HP: 38/38 MP: 8/12
  4931 | D:4      | Found an ancient bone altar of Kikubaaqudgha.
  5024 | D:4      | Found a deep blue altar of Sif Muna.
  5129 | D:4      | Reached skill level 6 in Bows
  5129 | D:4      | Reached skill level 5 in Hexes
  5275 | D:4      | Found an iron altar of Okawaru.
  5284 | D:4      | Found a hide-covered altar of Uskayaw.
  5378 | D:4      | Became a worshipper of Warmaster Okawaru
  5545 | D:4      | Found Ostru's Distillery.
  5726 | D:5      | Entered Level 5 of the Dungeon
  5756 | D:5      | Reached XP level 7. HP: 43/43 MP: 10/14
  5868 | D:5      | HP: 1/43 [poisoned by a scorpion]
  5869 | D:5      | Succumbed to a scorpion's poison

Skill      XL: |  1  2  3  4  5  6 |
---------------+-------------------+-----
Bows           | 3 4 5 6 |  6.3
Spellcasting   | 2 3 4 |  4.4
Hexes          | 4 5 |  5.3
Fighting       | |  1.0
Dodging        | |  2.1

Action                   |  1- 3 |  4- 6 |  7- 9 || total
-------------------------+-------+-------+-------++-------
Melee: Short sword       |    89 |    95 |       ||   184
 Fire: Shortbow          |    39 |   247 |    13 ||   299
 Cast: Corona            |     7 |    55 |     2 ||    64
       Slow              |     5 |    25 |     4 ||    34
       Cause Fear        |       |       |     1 ||     1
  Use: Scroll            |     1 |    16 |       ||    17
 Stab: Sleeping          |     1 |     2 |       ||     3
  Eat: Chunk             |     4 |    11 |       ||    15
       Pizza             |       |     1 |       ||     1
Armor: Robe              |    24 |    33 |       ||    57
Dodge: Dodged            |    85 |   150 |     4 ||   239
